 Dungeon Crawl Stone Soup version 0.30-a0-311-gf115ab0292 (webtiles) character file.

Game seed: 11714123312121524489

120 Harunobu the Trooper (level 4, -2/41 HPs)
             Began as a Minotaur Monk on Oct 25, 2022.
             Frozen to death by an endoplasm (4 damage)
             ... on level 3 of the Dungeon.
             The game lasted 00:02:25 (1911 turns).

Harunobu the Trooper (Minotaur Monk)                Turns: 1911, Time: 00:02:25

Health: -2/41      AC:  2    Str: 17    XL:     4   Next: 75%
Magic:  3/3        EV: 13    Int:  7    God:
Gold:   143        SH:  0    Dex: 13    Spells: 3/3 levels left

rFire   . . .      SeeInvis .    a - +0 mace
rCold   . . .      Faith    .    (no shield)
rNeg    . . .      Spirit   .    b - +0 robe
rPois   .          Reflect  .    (helmet restricted)
rElec   .          Harm     .    (no cloak)
rCorr   .          Rampage  .    (no gloves)
Will    .....                    (no boots)
Stlth   ++........               (no amulet)
HPRegen 0.26/turn                (no ring)
MPRegen 0.08/turn                (no ring)

@: no status effects
A: horns 2, retaliatory headbutt
a: no special abilities


You were on level 3 of the Dungeon.
You visited 1 branch of the dungeon, and saw 3 of its levels.

You collected 143 gold pieces.

Inventory:

Hand Weapons
 a - a +0 mace (weapon)
Armour
 b - a +0 robe (worn)
Scrolls
 i - a scroll of fear {unknown}
 j - 3 scrolls of identify {unknown}
 k - 2 scrolls of teleportation {unknown}
 m - a scroll of immolation {unknown}
 n - a scroll of magic mapping {unknown}
 o - a scroll of vulnerability {unknown}
Potions
 c - 3 potions of ambrosia
 d - a potion of lignification {unknown}
 e - a potion of attraction {unknown}
 g - a potion of might {unknown}
 h - a potion of flight {unknown}
 l - a potion of heal wounds {unknown}


   Skills:
 + Level 4.8 Fighting
 - Level 3.6 Maces & Flails
 + Level 4.4 Dodging
 + Level 2.8 Stealth


You had 3 spell levels left.
You didn't know any spells.
Your spell library contained the following spells:

 Spells                   Type           Power      Damage    Failure   Level
 Ozocubu's Armour         Ice            0%         N/A       80%         3
 Animate Armour           Summ/Erth      0%         N/A       99%         4
 Blade Hands              Tmut           0%         N/A       100%        5
 Metabolic Englaciation   Hex/Ice        0%         N/A       100%        5
 Iron Shot                Conj/Erth      0%         9d1       100%        6
 Simulacrum               Ice/Necr       0%         N/A       100%        6


Dungeon Overview and Level Annotations

Branches:
Dungeon (3/15)

Altars:


Innate Abilities, Weirdness & Mutations

You have a pair of horns on your head.
You reflexively headbutt those who attack you in melee.


Message History

The orc is almost dead.
The orc hits you with a +1 short sword of distortion.
You blink.
The frilled lizard closely misses you. You furiously retaliate!
You headbutt the frilled lizard!
You kill the frilled lizard!
The gnoll hits you with a +0 spear!
* * * LOW HITPOINT WARNING * * *
The gnoll hits you from afar with a +0 spear!
* * * LOW HITPOINT WARNING * * *
You feel better.
An endoplasm comes into view.
The endoplasm quivers.
You hit the orc.
You kill the orc!
The gnoll closely misses you. The gnoll hits you with a +0 spear.
* * * LOW HITPOINT WARNING * * *
Things that are here:
a +1 short sword of distortion; a +0 ring mail You barely miss the gnoll.
The gnoll misses you. You furiously retaliate!
You headbutt the gnoll! The gnoll closely misses you. You furiously retaliate!
You headbutt the gnoll. You closely miss the gnoll.
The gnoll is heavily wounded.
The endoplasm hits you.
* * * LOW HITPOINT WARNING * * *
The gnoll completely misses you.
You closely miss the gnoll.
The gnoll is heavily wounded.
The endoplasm freezes you.
You are frozen.
* * * LOW HITPOINT WARNING * * *
The gnoll barely misses you.
You sock the gnoll!
You kill the gnoll!
The endoplasm barely misses you.
You hit the endoplasm but do no damage. The endoplasm freezes you.
You are frozen.
You die...

...##†#####.#
#.###.# #.# #.# #.#
#.###### #.# #.#
#......## #.#
#.#####.###...######
...
...................#
.##
#.#########...####.
#.# ##)## #@# #J#
#.# #.# #.# ..# ###


You could see an endoplasm.

Vanquished Creatures
  Natasha (thrice) (D:2)
  A gnoll (D:3)
  2 dart slugs
  An orc (D:3)
  3 endoplasms (D:1)
  A giant cockroach (D:1)
  2 hobgoblins
  5 quokkas
  3 bats (D:1)
  2 frilled lizards
  4 goblins
  3 kobolds
  2 rats (D:1)
32 creatures vanquished.

Notes
Turn   | Place    | Note
-------+----------+-------------------------------------------
     0 | D:1      | Harunobu the Minotaur Monk began the quest for the Orb.
     0 | D:1      | Reached XP level 1. HP: 19/19 MP: 0/0
    90 | D:1      | Reached XP level 2. HP: 27/27 MP: 1/1
   801 | D:2      | Found a faded altar of an unknown god.
   910 | D:2      | Noticed Natasha
   918 | D:2      | Noticed a crimson imp
   918 | D:2      | Killed Natasha
   919 | D:2      | Reached XP level 3. HP: 15/34 MP: 2/2
  1279 | D:2      | Noticed Natasha
  1289 | D:2      | Killed Natasha
  1290 | D:2      | Reached XP level 4. HP: 20/41 MP: 3/3
  1528 | D:2      | Noticed Natasha
  1542 | D:2      | Killed Natasha
  1901 | D:3      | HP: 2/41 [gnoll/+0 spear (7)]
  1909 | D:3      | HP: 2/41 [frozen (2)]
  1911 | D:3      | Frozen to death by an endoplasm

Illustrated notes

Levels and vault maps discovered:
D:1:      eino_arrival_water_cross, layout_loops_ring
D:2:      layout_basic, shapermc_ecumenical_altar_totnotflames, uniq_natasha
D:3:      layout_loops_ring, jmf_multi_god_temple2, nicolae_figureground_pulse

Skill      XL: |  1  2 |
---------------+-------+-----
Fighting       | 4 |  4.8
Stealth        | 2 |  2.8
Dodging        | 4 |  4.4
Maces & Flails | |  3.6

Action                   |  1- 3 |  4- 6 || total
-------------------------+-------+-------++-------
Melee: Mace              |    50 |    28 ||    78
       Headbutt          |     7 |     2 ||     9
  Use: Potion            |       |     1 ||     1
 Stab: Sleeping          |     3 |     1 ||     4
Armor: Robe              |    12 |     1 ||    13
Dodge: Dodged            |    37 |    25 ||    62

Table legend: (Time is in decaauts)
 A = Elapsed time spent in this place.
 B = Non-inter-level travel time spent in this place.
 C = Inter-level travel time spent in this place.
 D = Time resting spent in this place.
 E = Time spent auto-exploring this place.
 F = Levels seen in this place.
 G = Mean time per level.
                   A        B        C        D        E       F      G
               +--------+--------+--------+--------+--------+-----+--------+
         Total |   1927 |   1910 |     17 |    274 |   1318 |   3 |  642.3 |
       Dungeon |   1927 |   1910 |     17 |    274 |   1318 |   3 |  642.3 |
               +--------+--------+--------+--------+--------+-----+--------+

Top non-repeatable levels by time:
     D:2: 1192 daAuts
     D:1: 638 daAuts
     D:3: 95 daAuts
